 Dungeon Crawl Stone Soup version 0.25-b1-23-ge2ad7d536c (webtiles) character file.

Game seed: 2635798709839440248, levelgen mode: deterministic

393 lepoulpe303 the Chopper (level 6, -1/57 HPs)
             Began as a Deep Dwarf Fighter on May 28, 2020.
             Slain by an iguana (5 damage)
             ... on level 4 of the Dungeon.
             The game lasted 00:09:09 (3251 turns).

lepoulpe303 the Chopper (Deep Dwarf Fighter)        Turns: 3251, Time: 00:09:10

Health: -1/57      AC:  9    Str: 20    XL:     6   Next: 51%
Magic:  6/6        EV:  5    Int:  9    God:
Gold:   143        SH: 10    Dex: 13    Spells: 5/5 levels left

rFire    . . .     SeeInvis .   a - +0 war axe
rCold    . . .     Gourm    .   c - +0 kite shield
rNeg     . . .     Faith    .   m - +0 chain mail
rPois    .         Spirit   .   (no helmet)
rElec    .         Reflect  .   (no cloak)
rCorr    .         Harm     .   (no gloves)
MR       .....                  (no boots)
Stlth    ..........             (no amulet)
HPRegen  0.00/turn              (no ring)
MPRegen  0.10/turn              (no ring)

@: non-regenerating
A: damage resistance, heal wounds, sense surroundings 1, no regeneration
a: Heal Wounds


You were on level 4 of the Dungeon.
You were hungry.

You visited 2 branches of the dungeon, and saw 5 of its levels.

You collected 143 gold pieces.

Inventory:

Hand Weapons
 a - a +0 war axe (weapon)
Missiles
 q - 46 poisoned darts
Armour
 b - a +0 scale mail
 c - a +0 kite shield (worn)
 m - a +0 chain mail (worn)
Jewellery
 p - a cursed ring of attention {unknown}
 W - an uncursed ring of wizardry {Wiz+}
Wands
 r - a wand of paralysis (3)
Scrolls
 f - a scroll of fog
 i - 2 scrolls of identify
 k - 2 scrolls of remove curse {unknown}
 s - a scroll of teleportation {unknown}
Potions
 d - a potion of might
 g - a potion of heal wounds {unknown}
 h - 2 potions of haste {unknown}
 j - 2 potions of ambrosia {unknown}
 l - a potion of degeneration {unknown}
 n - a potion of brilliance {unknown}
 o - a potion of invisibility {unknown}
Comestibles
 e - 6 rations


   Skills:
 + Level 3.8 Fighting
 * Level 5.1 Axes
 + Level 4.7 Armour
 + Level 4.6 Shields


You had 5 spell levels left.
You didn't know any spells.
Your spell library contained the following spells:

 Spells                   Type           Power        Failure   Level  Hunger
 Confusing Touch          Hex            #.......     100%        3    ####...
 Gell's Gravitas          Tloc           #.........   100%        3    ####...
 Petrify                  Tmut/Erth      #.......     100%        4    #####..
 Metabolic Englaciation   Hex/Ice        #.........   100%        5    ######.
 Yara's Violent Unravell  Hex/Tmut       #.........   100%        5    ######.


Dungeon Overview and Level Annotations

Branches:
Dungeon (4/15)             Temple (1/1) D:4

Altars:
Ashenzari
Cheibriados
Dithmenos
Elyvilon
Fedhas
Gozag
Kikubaaqudgha
Okawaru
Qazlal
Ru
Trog
Uskayaw
Wu Jian
Yredelemnul
Zin
The Shining One


Innate Abilities, Weirdness & Mutations

You are resistant to damage.
You can heal yourself by infusing magical energy.
You passively map a small area around you.
You do not regenerate.


Message History

e - 6 rations (gained 1)
k - 2 scrolls labeled HUODO EBOI (gained 1)
An iguana comes into view.
The iguana hisses angrily.
You slash the iguana! The iguana barely misses you.
Your shield prevents you from hitting the iguana.
The iguana bites you!
* * * LOW HITPOINT WARNING * * *
You take 7 damage, and have 19/57 hp.
You hit the iguana. The iguana bites you.
* * * LOW HITPOINT WARNING * * *
The iguana bites you!
* * * LOW HITPOINT WARNING * * *
You take 8 damage, and have 11/57 hp.
You hit the iguana. The iguana barely misses you.
You hit the iguana but do no damage. The iguana bites you!
* * * LOW HITPOINT WARNING * * *
You take 7 damage, and have 4/57 hp.
You hit the iguana. You block the iguana's attack. The iguana bites you!
You die...

#........(#...
#...........# ..*
#.........### ..
#.........# , .. *
#...)[..(.# *.# *
#.<.).....# *#.#
#.........# ..#
#.........# ###l#*
, , #.........#
###.@.# , ,
######.######...###
, ## #....##..###
.# ####.##.## * **
.########....#
........#..###
#######....# ,
...........# *
######........#


You could see an iguana.

Levels and vault maps discovered:
D:1:      lemuel_arrival_muddy, layout_basic, grunt_decor_clamped
D:2:      layout_basic, bloody_trog, nicolae_overflow_hidden_temple,
          lemuel_round_altar, serial_forest, infiniplex_forest_clump_diagonal,
          infiniplex_forest_end_1, infiniplex_forest_straight_4,
          infiniplex_forest_clump_medium, infiniplex_forest_clump_medium,
          infiniplex_forest_straight_2, infiniplex_forest_clump_tiny,
          chequers_big_river, trog_butcher_becter
D:3:      layout_loops_ring
D:4:      layout_rooms, lemuel_crystal_altar, minmay_temple_entry_glassed_door,
          first_ration, uniq_blork_the_orc
Temple:   bh_familiar_temple

Notes
Turn   | Place    | Note
-------+----------+-------------------------------------------
     0 | D:1      | lepoulpe303 the Deep Dwarf Fighter began the quest for the
                  | Orb.
     0 | D:1      | Reached XP level 1. HP: 20/20 MP: 1/1
   199 | D:1      | Reached XP level 2. HP: 25/27 MP: 2/2
   224 | D:1      | Identified a +0 club
   283 | D:1      | Identified a +0 dagger
   307 | D:1      | Identified a +0 club
   346 | D:1      | Identified a +0 club
   489 | D:1      | Identified a +0 club
   646 | D:1      | Identified a +0 dagger
   753 | D:1      | Reached skill level 3 in Axes
   775 | D:1      | Reached XP level 3. HP: 26/33 MP: 3/3
  1054 | D:2      | Found a white marble altar of Elyvilon.
  1121 | D:2      | Found a bloodstained altar of Trog.
  1121 | D:2      | Identified a +0 hand axe
  1121 | D:2      | Identified a +0 animal skin
  1128 | D:2      | Reached skill level 3 in Fighting
  1222 | D:2      | Identified a +0 club
  1268 | D:2      | Identified a +0 club
  1277 | D:2      | Reached XP level 4. HP: 29/42 MP: 4/4
  1356 | D:2      | Found a bloodstained altar of Trog.
  1427 | D:2      | Found a glowing golden altar of the Shining One.
  1483 | D:2      | You fall into a shaft and drop 2 floors!
  1483 | D:4      | Identified a +0 hand axe
  1483 | D:4      | Identified a +0 ring mail
  1483 | D:4      | Identified a +0 dagger
  1483 | D:4      | Identified a +0 robe
  1484 | D:4      | Identified a +0 dagger
  1484 | D:4      | Identified a +0 robe
  1485 | D:4      | Reached skill level 4 in Armour
  1485 | D:4      | Reached skill level 4 in Shields
  1487 | D:4      | Reached skill level 4 in Axes
  1487 | D:4      | Reached XP level 5. HP: 26/49 MP: 5/5
  1542 | D:3      | Identified a cursed -3 trident
  1542 | D:3      | Identified a +0 ring mail
  1609 | D:2      | Identified 3 scrolls of identify
  1609 | D:2      | Identified a ring of slaying (You found it on level 2 of
                  | the Dungeon)
  1611 | D:2      | Identified a ring of wizardry (You found it on level 1 of
                  | the Dungeon)
  1737 | D:2      | Found a sacrificial altar of Ru.
  1739 | D:2      | Found a hide-covered altar of Uskayaw.
  2378 | D:3      | Identified a +0 falchion
  2378 | D:3      | Identified a +0 chain mail
  2440 | D:3      | Identified a +0 dagger
  2488 | D:3      | Identified a +0 dagger
  2492 | D:3      | Identified a +0 mace
  2507 | D:3      | Identified a +0 dagger of venom
  2530 | D:3      | Identified a +0 flail
  2546 | D:3      | Identified a +0 flail
  2788 | D:3      | Identified 2 scrolls of fog
  2845 | D:4      | Identified a +0 whip
  2845 | D:4      | Identified a +0 whip
  2845 | D:4      | Identified a +0 spear
  2861 | D:3      | Reached XP level 6. HP: 36/56 MP: 6/6
  3012 | D:4      | Found a staircase to the Ecumenical Temple.
  3031 | D:4      | Reached skill level 5 in Axes
  3040 | Temple   | Entered the Ecumenical Temple
  3248 | D:4      | HP: 11/57 [iguana (7)]
  3250 | D:4      | HP: 4/57 [iguana (7)]
  3251 | D:4      | Slain by an iguana

Table legend:
 A = Turns spent in this place as a percentage of turns spent in the entire game.
 B = Non-inter-level travel turns spent in this place as a percentage of non-inter-level travel turns spent in the entire game.
 C = Inter-level travel turns spent in this place as a percentage of turns spent in this place.
 D = Turns resting spent in this place as a percentage of non-inter-level travel turns spent in this place.
 E = Turns spent auto-exploring this place as a percentage of non-inter-level travel turns spent in this place.
 F = Non-inter-level travel turns spent in this place divided by the number of levels of this place that you've seen.
                   A       B       C       D       E      F
               +-------+-------+-------+-------+-------+----------------------
         Total | 100.0 | 100.0 |   4.3 |   3.2 |  74.8 | 622.0
       Dungeon |  94.5 |  94.6 |   4.2 |   3.4 |  73.5 | 735.8
        Temple |   5.5 |   5.4 |   7.2 |   0.0 |  98.8 | 167.0
               +-------+-------+-------+-------+-------+----------------------

Table legend:
 A = Kills in this place as a percentage of kills in entire the game.
 B = Kills by you in this place as a percentage of kills by you in the entire game.
 C = Kills by friends in this place as a percentage of kills by friends in the entire game.
 D = Other kills in this place as a percentage of other kills in the entire game.
 E = Experience gained in this place as a percentage of experience gained in the entire game.
 F = Experience gained in this place divided by the number of levels of this place that you have seen.
                   A       B       C       D       E      F
               +-------+-------+-------+-------+-------+----------------------
         Total | 100.0 | 100.0 |   N/A |   N/A | 100.0 | 112.4
       Dungeon | 100.0 | 100.0 |   N/A |   N/A | 100.0 | 140.5
               +-------+-------+-------+-------+-------+----------------------

Skill      XL: |  1  2  3  4  5  6 |
---------------+-------------------+-----
Axes           | 3 4 5 |  5.1
Fighting       | 3 |  3.8
Armour         | 4 |  4.7
Shields        | 4 |  4.6

Action                   |  1- 3 |  4- 6 || total
-------------------------+-------+-------++-------
Melee: War axe           |    98 |   130 ||   228
Throw: Dart              |    17 |    22 ||    39
       Javelin           |       |     4 ||     4
 Abil: Heal Wounds       |       |     1 ||     1
Evoke: Wand              |       |     2 ||     2
  Use: Potion            |       |     1 ||     1
       Scroll            |       |     3 ||     3
  Eat: Chunk             |     1 |     6 ||     7
Armor: Scale mail        |    46 |    41 ||    87
       Chain mail        |       |    17 ||    17
Dodge: Dodged            |    28 |    24 ||    52
Block: Kite shield       |    53 |    74 ||   127

Vanquished Creatures
  A phantom (D:4)
  A howler monkey (D:3)
  An orc priest (D:4)
  2 orc wizards (D:4)
  A worker ant (D:2)
  7 gnolls
  An ooze (D:2)
  A worm (D:2)
  5 dart slugs
  4 leopard geckos
  9 orcs
  2 ball pythons (D:1)
  3 giant cockroaches
  6 goblins
  5 hobgoblins
  2 quokkas
  5 bats
  3 frilled lizards
  A jackal skeleton (D:4)
  6 kobolds
  7 rats
73 creatures vanquished.
